 Dungeon Crawl Stone Soup version 0.27-a0-1532-gca18f49f40 (webtiles) character file.

Game seed: 11031685804167806824

33 Sin92 the Skirmisher (level 3, -5/29 HPs)
             Began as a Demonspawn Fighter on July 12, 2021.
             Killed from afar by Sigmund (6 damage)
             ... with a puff of flame
             ... on level 2 of the Dungeon.
             The game lasted 00:01:28 (1270 turns).

Sin92 the Skirmisher (Demonspawn Fighter)           Turns: 1270, Time: 00:01:29

Health: -5/29      AC:  6    Str: 17    XL:     3   Next: 12%
Magic:  3/3        EV:  7    Int:  9    God:
Gold:   43         SH:  0    Dex: 12    Spells: 2/2 levels left

rFire    . . .     SeeInvis .   a - +0 war axe
rCold    . . .     Faith    .   c - +0 kite shield
rNeg     . . .     Spirit   .   b - +0 scale mail
rPois    .         Reflect  .   (no helmet)
rElec    .         Harm     .   (no cloak)
rCorr    .         Rampage  .   (no gloves)
Will     .....                  (no boots)
Stlth    ..........             h - amulet of magic regeneration
HPRegen  0.09/turn              (no ring)
MPRegen  0.41/turn              (no ring)

@: confused, on berserk cooldown, slowed, very slow
A: talons 1, magic regeneration
a: no special abilities


You were on level 2 of the Dungeon.
You visited 1 branch of the dungeon, and saw 2 of its levels.

You collected 43 gold pieces.

Inventory:

Hand Weapons
 a - a +0 war axe (weapon)
Armour
 b - a +0 scale mail (worn)
 c - a +0 kite shield (worn)
Jewellery
 h - an amulet of magic regeneration (around neck)
Scrolls
 e - a scroll of enchant weapon {unknown}
 f - a scroll of blinking {unknown}
Potions
 d - a potion of might
 g - a potion of berserk rage
 i - a potion of brilliance {unknown}


   Skills:
 + Level 3.2 Fighting
 * Level 2.4 Axes
 + Level 2.9 Armour
 + Level 0.7 Dodging
 + Level 2.9 Shields


You had 2 spell levels left.
You didn't know any spells.
Your spell library was empty.

Dungeon Overview and Level Annotations

Branches:
Dungeon (2/15)

Altars:

Annotations:
D:2 Sigmund


Innate Abilities, Weirdness & Mutations

You have sharp toenails.
You regenerate magic rapidly.


Message History

Sigmund gestures at you while chanting. The magic dart hits you.
The bat hits you but does no damage.
Sigmund gestures wildly while chanting.
Sigmund flickers and vanishes!
Deactivating autopickup; reactivate with Ctrl-A.
You bump into the rock wall.
You feel your anger nearly subside. The goblin completely misses you.
Something hits you but does no damage.
You are no longer berserk.
You are exhausted.
You feel yourself slow down.
You bump into the rock wall.
The goblin hits you but does no damage. Something hits you.
The goblin hits you with a +0 dagger. Something hits you but does no damage.
You bump into the rock wall.
The goblin hits you but does no damage. Something hits you.
You feel less confused. The goblin hits you but does no damage.
The bat hits you but does no damage. x2
You closely miss the goblin. You hit the bat.
You kill the bat!
You block the goblin's attack. x2; Something hits you but does no damage.
The goblin hits you but does no damage. Something hits you!
* * * LOW HITPOINT WARNING * * *
You hit the goblin.
You kill the goblin!
Something hits you but does no damage.
You hear some strange, mumbled words.
Something tries to affect you, but you resist.
You hear some strange, mumbled words.
You are confused.
Things that are here:
a +0 dagger; a goblin corpse Unknown command.
You completely miss something. Something hits you.
* * * LOW HITPOINT WARNING * * *
You hear some strange, mumbled words.
A puff of flame appears from out of thin air!
The puff of flame hits you.
You die...

........###.####.###### #.##.###.
.#####..#.............###.##.###.
.................................
####....###.####.##...###.##.....
####.#.####.# #.##.### #.##.####
.....#......# #.##.# #.##.####
.....######## #.##.# #.##.....
.....# ###.##.# #.##..... .....#
#..@...### #........ .....#
###{.....###÷##.#### .....#
#'##.#.#......# ######
.......†.#.#.#.#.##.#
.........#.....#.##.#
.........###.#.#.##.. .........#
#.....##.# .........# ###.#.....
.......).# ###.##.#


There were no monsters in sight!

Vanquished Creatures
  A worm (D:2)
  3 dart slugs (D:1)
  A bat (D:2)
  An endoplasm (D:1)
  3 goblins
  2 hobgoblins
  A quokka (D:2)
  2 ball pythons
  3 frilled lizards (D:2)
  6 kobolds
  2 rats (D:2)
25 creatures vanquished.

Notes
Turn   | Place    | Note
-------+----------+-------------------------------------------
     0 | D:1      | Sin92 the Demonspawn Fighter began the quest for the Orb.
     0 | D:1      | Reached XP level 1. HP: 18/18 MP: 1/1
    16 | D:1      | Found a faded altar of an unknown god.
   332 | D:1      | Gained mutation: You have sharp toenails. [demonic
                  | ancestry]
   332 | D:1      | Reached XP level 2. HP: 24/24 MP: 2/2
  1093 | D:2      | Gained mutation: You regenerate magic rapidly. [demonic
                  | ancestry]
  1093 | D:2      | Reached XP level 3. HP: 29/29 MP: 3/3
  1253 | D:2      | Noticed Sigmund
  1270 | D:2      | HP: 1/29 [something (5)]
  1270 | D:2      | Killed from afar by Sigmund

Illustrated notes

Levels and vault maps discovered:
D:1:      doesnt_arrival_eight_statues, layout_loops_ring,
          chequers_ecumenical_altar_simple_redux
D:2:      layout_basic, uniq_sigmund

Skill      XL: |  1 |
---------------+----+-----
Axes           | 2 |  2.4
Fighting       | |  3.2
Armour         | |  2.9
Dodging        | |  0.7
Shields        | |  2.9

Action                   || total
-------------------------++-------
Melee: War axe           ||    58
       Kick              ||     6
  Use: Potion            ||     1
Armor: Scale mail        ||    36
Dodge: Dodged            ||    17
Block: Kite shield       ||    35

Table legend: (Time is in decaauts)
 A = Elapsed time spent in this place.
 B = Non-inter-level travel time spent in this place.
 C = Inter-level travel time spent in this place.
 D = Time resting spent in this place.
 E = Time spent auto-exploring this place.
 F = Levels seen in this place.
 G = Mean time per level.
                   A        B        C        D        E       F      G
               +--------+--------+--------+--------+--------+-----+--------+
         Total |   1308 |   1298 |     10 |    251 |    874 |   2 |  654.0 |
       Dungeon |   1308 |   1298 |     10 |    251 |    874 |   2 |  654.0 |
               +--------+--------+--------+--------+--------+-----+--------+

Top non-repeatable levels by time:
     D:1: 672 daAuts
     D:2: 635 daAuts
